 Dungeon Crawl Stone Soup version 0.19.1-1-g22dce08 (webtiles) character file.

2490 Queen the Basher (level 9, 0/64 HPs)
             Began as a Formicid Fighter on Jan 13, 2017.
             Was a Priest of Okawaru.
             Succumbed to a killer bee's poison
             ... on level 8 of the Dungeon.
             The game lasted 00:25:32 (7961 turns).

Queen the Basher (Formicid Fighter)                 Turns: 7961, Time: 00:25:33

Health: 0/64       AC:  6    Str: 21    XL:     9   Next: 81%
Magic:  9/9        EV:  5    Int: 13    God:    Okawaru [***...]
Gold:   467        SH: 14    Dex: 13    Spells: 0 memorised, 8 levels left

rFire  . . .     SeeInvis +     A - +2 mace (crush)
rCold  . . .     Gourm    .     j - +0 scale mail
rNeg   . . .     Faith    .     y - +0 large shield
rPois  .         Spirit   .     (helmet unavailable)
rElec  .         Reflect  .     (no cloak)
rCorr  .         Harm     .     (no gloves)
MR     .....                    (no boots)
Stlth  ..........               (no amulet)
                                (no ring)
                                (no ring)

@: brilliant, lethally poisoned (0 -> -2)
A: permanent stasis, dig shafts and tunnels, four strong arms, antennae 3
a: Dig, Shaft Self, Heroism, Renounce Religion


You were on level 8 of the Dungeon.
You worshipped Okawaru.
Okawaru was most pleased with you.
You were hungry.

You visited 2 branches of the dungeon, and saw 9 of its levels.

You collected 467 gold pieces.

Inventory:

Hand Weapons
 d - a +1 whip of flaming
 n - a +0 morningstar
 A - a +2 mace of crushing (weapon)
Missiles
 t - 10 tomahawks (quivered)
Armour
 j - a +0 scale mail (worn)
 y - a +0 large shield (worn)
Wands
 s - a wand of slowing (32/48)
 C - a wand of confusion (33/48)
Scrolls
 b - a scroll of immolation {unknown}
 c - a scroll of blinking {unknown}
 e - 2 scrolls of recharging {unknown}
 k - a scroll of fog {unknown}
 l - 5 scrolls of remove curse
 m - a scroll of enchant armour {unknown}
 o - a scroll of fear
 D - 2 scrolls of identify
Potions
 g - a potion of resistance
 p - 2 potions of degeneration
 w - 2 potions of magic
 z - a potion of haste
Books
 v - a book of Callings

   Spells                             Type                      Level
   a - Summon Small Mammal            Summoning                    1
   b - Call Imp                       Summoning                    2
   c - Call Canine Familiar           Summoning                    3
   d - Summon Guardian Golem          Hexes/Summoning              3
   e - Summon Lightning Spire         Summoning/Air                4
   f - Summon Ice Beast               Ice/Summoning                4
Comestibles
 a - 5 beef jerkies
 f - 5 bread rations
 h - 2 slices of pizza
 i - 5 meat rations
 x - 4 fruits


   Skills:
 - Level 3.2 Fighting
 + Level 12.4 Maces & Flails
 - Level 3.2 Armour
 - Level 3.6 Shields


You had 8 spell levels left.
You didn't know any spells.

Dungeon Overview and Level Annotations

Branches:
Dungeon (7/15)             Temple (1/1) D:5

Altars:
Ashenzari
Elyvilon
Gozag
Okawaru
Qazlal
Xom
Zin
Beogh

Annotations:
D:7 1 runed door
D:8 loom's ghost, novice KoBe


Innate Abilities, Weirdness & Mutations

You are under a permanent stasis effect.
You can dig through walls and to a lower floor.
Your four strong arms can wield two-handed weapons with a shield.
You have a pair of large antennae on your head. (SInv)


Message History

Okay, then.
You start eating one of the 5 fruits.
* * * LOW HITPOINT WARNING * * *
You feel sick.
You are feeling hungry.
Mmmm...
Yummy coconut.
* * * LOW HITPOINT WARNING * * *
You feel sick.
Loom's ghost appears out of thin air!
Loom's ghost (novice Kobold Berserker) comes into view.
* * * LOW HITPOINT WARNING * * *
You feel sick.
Loom's ghost turns its malevolent gaze towards you.
A bullfrog comes into view.
* * * LOW HITPOINT WARNING * * *
You feel sick.
The bullfrog gives a loud, deep croak!
A quokka comes into view.
* * * LOW HITPOINT WARNING * * *
You feel sick.
You die...

#
####+####.
#......<.
#......#
#......#
#...@..#
#####..##
#.(.F..#
#......#
#...W..#
#......#
#...r..#
#......#
#..$.....


You could see a bullfrog, loom's ghost and a quokka.

Vanquished Creatures
  Pikel (D:7)
  A troll (D:7)
  A water moccasin (D:7)
  A slave (D:7)
  2 sky beasts (D:6)
  2 phantoms
  3 ogres
  A bullfrog (D:7)
  3 scorpions
  3 killer bees (D:7)
  A crimson imp (D:6)
  A bullfrog zombie (D:5)
  3 hounds
  A jelly (D:5)
  2 orc wizards (D:5)
  A gnoll shaman (D:6)
  2 orc priests
  A bullfrog skeleton (D:5)
  3 iguanas
  5 worker ants
  A hound skeleton (D:5)
  3 gnolls (D:6)
  4 adders
  An ooze (D:3)
  An adder skeleton (D:8)
  5 worms
  A dart slug (D:2)
  6 leopard geckos
  21 orcs
  2 ball pythons
  7 bats
  8 giant cockroaches
  4 goblins
  11 hobgoblins
  11 jackals
  7 kobolds
  6 frilled lizards
  A jackal zombie (D:5)
  A quokka skeleton (D:5)
  5 rats
144 creatures vanquished.

Vanquished Creatures (others)
  Menkaure (D:7)
  An adder (D:7)
  4 toadstools (D:1)
6 creatures vanquished.

Grand Total: 150 creatures vanquished

Notes
Turn   | Place    | Note
-------+----------+-------------------------------------------
     0 | D:1      | Queen the Formicid Fighter began the quest for the Orb.
     0 | D:1      | Reached XP level 1. HP: 18/18 MP: 1/1
   241 | D:1      | Reached XP level 2. HP: 24/24 MP: 2/2
   372 | D:1      | Reached skill level 3 in Maces & Flails
   607 | D:1      | Reached XP level 3. HP: 29/29 MP: 3/3
  1123 | D:2      | Found a shimmering altar of Xom.
  1291 | D:2      | Found a shattered altar of Ashenzari.
  1692 | D:2      | Reached skill level 4 in Maces & Flails
  1692 | D:2      | Reached XP level 4. HP: 35/35 MP: 4/4
  2347 | D:3      | Reached XP level 5. HP: 37/41 MP: 5/5
  2400 | D:3      | Found a glowing silver altar of Zin.
  2773 | D:3      | Found a roughly hewn altar of Beogh.
  2807 | D:3      | Reached skill level 5 in Maces & Flails
  3491 | D:4      | Found an iron altar of Okawaru.
  3494 | D:4      | Noticed an ogre
  3517 | D:4      | Reached XP level 6. HP: 34/47 MP: 6/6
  3521 | D:4      | Killed an ogre
  3521 | D:4      | Reached skill level 6 in Maces & Flails
  3683 | D:4      | Became a worshipper of Warmaster Okawaru
  3692 | D:4      | Found a white marble altar of Elyvilon.
  3875 | D:4      | Reached XP level 7. HP: 42/52 MP: 7/7
  4044 | D:4      | Reached skill level 7 in Maces & Flails
  4573 | D:4      | Reached * piety under Okawaru
  4712 | D:4      | Reached skill level 8 in Maces & Flails
  4876 | D:5      | Entered Level 5 of the Dungeon
  5040 | D:5      | Found a stormy altar of Qazlal.
  5091 | D:5      | Reached XP level 8. HP: 30/58 MP: 8/8
  5293 | D:6      | Reached skill level 9 in Maces & Flails
  5588 | D:5      | Found a staircase to the Ecumenical Temple.
  5597 | Temple   | Entered the Ecumenical Temple
  5957 | D:5      | Reached ** piety under Okawaru
  6332 | D:6      | Reached skill level 10 in Maces & Flails
  6856 | D:6      | Reached XP level 9. HP: 64/64 MP: 9/9
  6943 | D:6      | Found an opulent altar of Gozag.
  7217 | D:7      | Found a runed door.
  7249 | D:7      | Noticed a troll
  7270 | D:7      | Killed a troll
  7270 | D:7      | Reached skill level 11 in Maces & Flails
  7573 | D:7      | Noticed Pikel
  7601 | D:7      | Killed Pikel
  7601 | D:7      | Reached *** piety under Okawaru
  7601 | D:7      | Reached skill level 12 in Maces & Flails
  7612 | D:7      | Killed Menkaure
  7945 | D:7      | You fall through a shaft!
  7951 | D:8      | HP: 3/64 [poisoned by a killer bee]
  7954 | D:8      | Noticed loom's ghost (novice KoBe)
  7956 | D:8      | HP: 1/64 [poisoned by a killer bee]
  7961 | D:8      | Succumbed to a killer bee's poison

Skill      XL: |  1  2  3  4  5  6  7  8  9 |
---------------+----------------------------+-----
Maces & Flails | 3 4 5 6 8 10 12 | 12.4
Fighting       | |  3.2
Armour         | |  3.2
Shields        | |  3.6

Action                   |  1- 3 |  4- 6 |  7- 9 || total
-------------------------+-------+-------+-------++-------
Melee: Flail             |   171 |   121 |       ||   292
       Mace              |       |    42 |   302 ||   344
 Abil: Shaft Self        |       |       |     1 ||     1
  Use: Scroll            |       |     5 |     6 ||    11
       Potion            |       |       |    10 ||    10
  Eat: Chunk             |     3 |     7 |    12 ||    22
       Fruit             |       |       |     1 ||     1
Armor: Scale mail        |    67 |    36 |    64 ||   167
Dodge: Dodged            |    66 |    24 |    40 ||   130
Block: Shield            |   106 |    27 |       ||   133
       Large shield      |       |    84 |   219 ||   303
